 Seeded DCSS version 0.30-a0-250-g41c1d76940 (webtiles) character file.

Game seed: 11836800648259413034 (custom seed)

0 hikkokomori the Gusty (level 1, -1/13 HPs)
             Began as a Barachi Air Elementalist on Oct 13, 2022.
             Slain by a hobgoblin (3 damage)
             ... on level 1 of the Dungeon.
             The game lasted 00:01:14 (51 turns).

hikkokomori the Gusty (Barachi Air Elementalist)      Turns: 51, Time: 00:01:15

Health: -1/13      AC:  2    Str:  9    XL:     1   Next: 10%
Magic:  0/3        EV: 12    Int: 15    God:
Gold:   7          SH:  0    Dex: 12    Spells: 3/4 levels left

rFire   . . .      SeeInvis .    (no weapon)
rCold   . . .      Faith    .    (no shield)
rNeg    . . .      Spirit   .    a - +0 robe
rPois   .          Reflect  .    (no helmet)
rElec   .          Harm     .    (no cloak)
rCorr   .          Rampage  .    (no gloves)
Will    .....                    (no boots)
Stlth   ++........               (no amulet)
HPRegen 0.22/turn                (no ring)
MPRegen 0.08/turn                (no ring)

@: unable to hop, slow
A: amphibious, slowness 1, strong legs 1, +LOS
a: Hop


You were on level 1 of the Dungeon.
You visited 1 branch of the dungeon, and saw 1 of its levels.

You collected 7 gold pieces.

Inventory:

Armour
 a - a +0 robe (worn)
Potions
 b - a potion of magic


   Skills:
 + Level 0.1 Fighting
 - Level 2.1 Dodging
 - Level 1.7 Stealth
 - Level 2.1 Spellcasting
 + Level 1.1 Conjurations
 + Level 3.3 Air Magic


You had 3 spell levels left.
You knew the following spells:

 Your Spells              Type           Power      Damage    Failure   Level
a - Shock                 Conj/Air       32%        1d5       9%          1

Your spell library contained the following spells:

 Spells                   Type           Power      Damage    Failure   Level
 Static Discharge         Conj/Air       16%        2-3/arc   13%         2
 Swiftness                Air            11%        N/A       17%         3
 Airstrike                Air            5%         2d(1-17)  50%         4


Dungeon Overview and Level Annotations

Branches:
Dungeon (1/15)

Altars:


Innate Abilities, Weirdness & Mutations

You are amphibious.
You cover ground slowly.
You can hop short distances.
You have an extended range of vision and can be seen from far away.


Message History

The frilled lizard barely misses you. The hobgoblin hits you.
* * * LOW HITPOINT WARNING * * *
The frilled lizard bites you.
* * * LOW HITPOINT WARNING * * *
Hop to where?
Press: ? - help, Dir - move target Boing!
Casting: Shock (safe; 9% risk of failure)
Confirm with . or Enter, or press ? or * to list all spells.
Aiming: Shock (safe; 9% risk of failure)
Press: ? - help, Shift-Dir - straight line, f - frilled lizard
Aim: a frilled lizard (sparse dust, 48% to hit)
The zap hits the frilled lizard.
The frilled lizard is heavily wounded.
Unknown command.
Casting: Shock (safe; 9% risk of failure)
Confirm with . or Enter, or press ? or * to list all spells.
Aiming: Shock (safe; 9% risk of failure)
Press: ? - help, Shift-Dir - straight line, f/p - frilled lizard
Aim: a frilled lizard (heavily wounded, 48% to hit)
The zap misses the frilled lizard.
Unknown command.
Casting: Shock (safe; 9% risk of failure)
Confirm with . or Enter, or press ? or * to list all spells.
Aiming: Shock (safe; 9% risk of failure)
Press: ? - help, Shift-Dir - straight line, p - frilled lizard The zap hits the frilled lizard.
You kill the frilled lizard!
Unknown command.
Unknown command.
Unknown command.
Unknown command.
You hit the hobgoblin but do no damage. The hobgoblin closely misses you.
Unknown command.
You closely miss the hobgoblin. Your punch misses the hobgoblin.
The hobgoblin hits you.
* * * LOW HITPOINT WARNING * * *
Unknown command.
You barely miss the hobgoblin. The hobgoblin hits you.
You die...

.. .. #..
.######### ###..
.#...#...#
....###.#.......#
#......#...#...#
#......##.###.##
#......##.# #.#
###......##.###.##
....#.@##...#...#
#..##g##...#.<.#
#...#.##...#...#
#.....##.###.##
##.....##.# #.#
#......##.###.#
#....#.#...#...
#......'...#...
#..##..#...#...


You could see a hobgoblin.

Vanquished Creatures
  A frilled lizard (D:1)
1 creature vanquished.

Notes
Turn   | Place    | Note
-------+----------+-------------------------------------------
     0 | D:1      | hikkokomori the Barachi Air Elementalist began the quest
                  | for the Orb.
     0 | D:1      | Reached XP level 1. HP: 13/13 MP: 3/3
    51 | D:1      | Slain by a hobgoblin

Illustrated notes

Levels and vault maps discovered:
D:1:      minmay_arrival_nine_rooms, layout_rooms,
          dreamdust_ecumenical_altar_hidden_monk_grotto

Action                   || total
-------------------------++-------
Melee: Unarmed           ||     5
 Cast: Shock             ||     3
 Abil: Hop               ||     1
Armor: Robe              ||     1
Dodge: Dodged            ||     5

Table legend: (Time is in decaauts)
 A = Elapsed time spent in this place.
 B = Non-inter-level travel time spent in this place.
 C = Inter-level travel time spent in this place.
 D = Time resting spent in this place.
 E = Time spent auto-exploring this place.
 F = Levels seen in this place.
 G = Mean time per level.
                   A        B        C        D        E       F      G
               +--------+--------+--------+--------+--------+-----+--------+
         Total |     59 |     59 |      0 |      0 |      0 |   1 |   59.0 |
       Dungeon |     59 |     59 |      0 |      0 |      0 |   1 |   59.0 |
               +--------+--------+--------+--------+--------+-----+--------+

Top non-repeatable levels by time:
     D:1: 59 daAuts
